 Dungeon Crawl Stone Soup version 0.21-a0-221-gfe971b9 (webtiles) character file.

165 tidbits the Skirmisher (level 5, 55/70 HPs)
             Began as a Draconian Wanderer on Aug 26, 2017.
             Was a Believer of Lugonu.
             Quit the game in a sewer.
             The game lasted 00:11:31 (981 turns).

tidbits the Skirmisher (Draconian Wanderer)          Turns: 981, Time: 00:11:32

Health: 55/70      AC:  5    Str: 19    XL:     5   Next: 22%
Magic:  8/8        EV:  8    Int: 13    God:    Lugonu [**....]
Gold:   64         SH:  0    Dex: 11    Spells: 7/8 levels left

rFire    . . .     SeeInvis .   a - +2 hand crossbow
rCold    . . .     Gourm    .   (no shield)
rNeg     . . .     Faith    .   (armour unavailable)
rPois    .         Spirit   .   (helmet restricted)
rElec    .         Reflect  .   (no cloak)
rCorr    .         Harm     .   (no gloves)
MR       .....                  (no boots)
Stlth    ..........             (no amulet)
HPRegen  0.21/turn              (no ring)
MPRegen  0.11/turn              (no ring)

@: berserking, constricted, very quick
A: unfitting armour, cold-blooded, AC +5
a: Depart the Abyss, Bend Space, Renounce Religion


You were in a sewer.
You worshipped Lugonu.
Lugonu was pleased with you.
You were not hungry.

You visited 1 branch of the dungeon, and saw 3 of its levels.
You also visited: Sewer.

You collected 64 gold pieces.

Inventory:

Hand Weapons
 a - a +2 hand crossbow (weapon)
 h - a +0 short sword
 p - a +0 morningstar
 s - a +0 war axe
 t - a +0 quarterstaff
Missiles
 e - 32 stones (quivered)
 o - 9 tomahawks
Wands
 l - a wand of acid (6/15)
 q - a wand of acid (8/15)
Scrolls
 k - 2 scrolls of magic mapping {unknown}
 m - a scroll of fear {unknown}
Potions
 j - a potion of brilliance
 n - a potion of magic {unknown}
Books
 c - the Guide on the Rocks

   Spells                             Type                      Level
   a - Sandblast                      Earth                        1
   b - Stone Arrow                    Conjuration/Earth            3
Comestibles
 d - a bread ration
 g - 2 meat rations
 r - a royal jelly
 u - 2 fruits


   Skills:
 + Level 4.9 Fighting
 - Level 3.6 Crossbows
 + Level 2.3 Stealth
   Level 1.0 Shields
 - Level 2.0 Spellcasting
   Level 1.0 Fire Magic


You had 7 spell levels left.
You knew the following spells:

 Your Spells              Type           Power        Failure   Level  Hunger
z - Sandblast             Erth           #.....       26%         1    ##.....


Dungeon Overview and Level Annotations

Branches:
Dungeon (3/15)

Altars:
Hepliaklqana
Wu Jian
Lugonu


Innate Abilities, Weirdness & Mutations

Your plain brown scales are hard. (AC +5)
You cannot fit into any form of body armour.
You are cold-blooded and may be slowed by cold attacks.


Message History

You kill the adder!
Lugonu accepts your kill. The ball python bites you.
The ball python constricts you.
Unknown command.
Firing (i - inventory. (,) - cycle):
b - 7 bolts (quivered)
Press: ? - help, Shift-Dir - straight line, f/p - adder
Aim: an adder You shoot a bolt.
The bolt closely misses the adder.
The ball python closely misses you. The ball python constricts you.
The ball python completely misses you. The ball python constricts you.
The ball python bites you.
Firing (i - inventory. (,) - cycle):
b - 6 bolts (quivered)
Press: ? - help, Shift-Dir - straight line, f/p - adder
Aim: an adder You shoot a bolt.
The bolt misses the adder.
The ball python bites you. The ball python constricts you.
The adder closely misses you. The ball python barely misses you.
The ball python bites you but does no damage.
The ball python constricts you.
Firing (i - inventory. (,) - cycle):
b - 5 bolts (quivered)
Press: ? - help, Shift-Dir - straight line, f/p - adder
Aim: an adder You shoot a bolt.
The bolt closely misses the adder.
The adder barely misses you.
The ball python bites you but does no damage.
The adder bites you but does no damage. The ball python closely misses you.
The ball python constricts you.
The ball python bites you but does no damage.
Firing (i - inventory. (,) - cycle):
b - 4 bolts (quivered)
Press: ? - help, Shift-Dir - straight line, f/p - adder
Aim: an adder You shoot a bolt.
The bolt hits the adder.
The adder is moderately wounded.
The adder bites you but does no damage.
The ball python bites you but does no damage.
The ball python constricts you.
The ball python bites you but does no damage.
The adder bites you but does no damage.
The ball python bites you but does no damage.
The ball python constricts you. The ball python bites you.
Firing (i - inventory. (,) - cycle):
b - 3 bolts (quivered)
Press: ? - help, Shift-Dir - straight line, f/p - adder
Aim: an adder (moderately wounded)
You shoot a bolt. The bolt hits the adder.
The adder is heavily wounded.
The adder closely misses you.
The ball python bites you but does no damage.
The ball python constricts you. The ball python bites you.
The adder barely misses you.
Firing (i - inventory. (,) - cycle):
b - 2 bolts (quivered)
Press: ? - help, Shift-Dir - straight line, f/p - adder
Aim: an adder (heavily wounded)
You shoot a bolt. The bolt barely misses the adder.
The ball python closely misses you. The ball python constricts you.
The ball python closely misses you. The adder bites you but does no damage.
The ball python bites you but does no damage.
The ball python constricts you.
The ball python bites you but does no damage.
Firing (i - inventory. (,) - cycle):
b - a bolt (quivered)
Press: ? - help, Shift-Dir - straight line, f/p - adder
Aim: an adder (heavily wounded)
You shoot a bolt. The bolt barely misses the adder.
The adder closely misses you.
The ball python bites you but does no damage.
The ball python constricts you.
The ball python bites you but does no damage.
The adder bites you but does no damage.
The ball python bites you but does no damage.
The ball python constricts you.
Throwing (i - inventory. (,) - cycle):
e - 34 stones (quivered)
Press: ? - help, Shift-Dir - straight line, f/p - adder
Aim: an adder (heavily wounded)
You throw a stone. The stone closely misses the adder.
The ball python closely misses you. The adder barely misses you.
The ball python closely misses you.
The ball python bites you but does no damage.
The ball python constricts you. The adder bites you but does no damage.
Throwing (i - inventory. (,) - cycle):
e - 33 stones (quivered)
Press: ? - help, Shift-Dir - straight line, f/p - adder
Aim: an adder (heavily wounded)
You throw a stone. The stone barely misses the adder.
The ball python closely misses you. The ball python barely misses you.
The ball python constricts you. The adder bites you.
Really attack while wielding your +2 hand crossbow? [Y]es or [N]o only, please.
Really attack while wielding your +2 hand crossbow?
Okay, then.
Unknown command.
It was a potion of berserk rage.
A red film seems to cover your vision as you go berserk!
You feel yourself moving faster!
You feel mighty! The ball python barely misses you.
The ball python closely misses you. The ball python constricts you.
The adder bites you but does no damage.
You are too berserk!
Unknown command.
Wield which item (- for none, * to show all)? (? for menu, Esc to quit)
Okay, then.
You are too berserk!
Unknown command.
Are you sure you want to abandon this character and quit the game? (Confirm with "yes".)

≈≈≈≈≈≈≈≈≈≈≈≈≈≈≈#...##
####################
##################
≈≈≈≈≈≈≈≈≈≈≈≈≈≈≈#@###
≈≈≈≈≈≈≈≈≈≈≈≈≈≈≈SSS.##
≈≈≈≈≈≈≈≈≈≈≈≈≈((..(..#
≈≈≈#≈≈≈≈≈#†≈≈((((.(..#
≈≈#≈≈≈≈≈≈≈#≈≈≈≈...(..#
≈≈≈≈≈≈.≈≈≈≈≈≈≈≈......#
#################....#
#...# #...


You could see an adder and 2 ball pythons.

Vanquished Creatures
  Terence (D:2)
  5 adders
  3 river rats
  A leopard gecko (D:1)
  9 orcs (D:3)
  2 ball pythons
  3 bats
  3 goblins
  6 hobgoblins
  5 jackals
  A quokka (D:1)
  4 frilled lizards
  3 kobolds
  19 rats
65 creatures vanquished.

Notes
Turn   | Place    | Note
-------+----------+-------------------------------------------
     0 | D:1      | tidbits the Draconian Wanderer began the quest for the Orb.
     0 | D:1      | tidbits set off with: a +2 hand crossbow, 24 bolts, the Guide on the Rocks, a bread ration
     0 | D:1      | Reached XP level 1. HP: 16/16 MP: 3/3
     0 | D:1      | Identified the Guide on the Rocks
     2 | D:1      | Learned a level 1 spell: Sandblast
   143 | D:1      | Reached skill level 2 in Fighting
   143 | D:1      | Reached XP level 2. HP: 24/24 MP: 5/5
   421 | D:3      | Reached skill level 3 in Fighting
   421 | D:3      | Reached XP level 3. HP: 31/31 MP: 6/6
   569 | D:3      | Found a faded altar of an unknown god.
   575 | D:3      | Became a worshipper of Lugonu the Unformed
   575 | D:3      | Reached * piety under Lugonu
   575 | D:3      | Reached ** piety under Lugonu
   640 | D:3      | Found a hazy altar of Hepliaklqana.
   665 | D:3      | Reached skill level 4 in Fighting
   694 | D:3      | Reached XP level 4. HP: 35/40 MP: 7/7
   729 | D:3      | Found an ornate altar of the Wu Jian Council.
   761 | D:2      | Noticed Terence
   768 | D:2      | Killed Terence
   827 | D:3      | Found a glowing drain.
   843 | D:3      | Reached skill level 2 in Stealth
   860 | Sewer    | Entered a sewer
   874 | Sewer    | Reached XP level 5. HP: 40/47 MP: 8/8
   981 | Sewer    | Quit the game

Vault maps used:
D:1:      minmay_arrival_plants_in_alcoves
D:2:      gammafunk_temple_overflow_arena, uniq_terence
D:3:      overflow_temple_1_default, overflow_temple_1_default,
          chequers_ecumenical_altar_simple, portal_sewer_entry_b,
          kennysheep_generic_room_9
Sewer:    sewer_minmay_w

Skill      XL: |  1  2  3  4 |
---------------+-------------+-----
Fighting       | 2 3 4 |  4.9
Stealth        | 2 |  2.3
Crossbows      | |  3.6
Shields        | |  1.0
Spellcasting   | |  2.0
Fire Magic     | |  1.0

Action                   |  1- 3 |  4- 6 || total
-------------------------+-------+-------++-------
 Fire: Hand crossbow     |   104 |    63 ||   167
Throw: Stone             |       |     2 ||     2
  Use: Scroll            |     2 |     1 ||     3
       Potion            |       |     1 ||     1
Armor: Skin              |    22 |    24 ||    46
Dodge: Dodged            |    44 |    33 ||    77

Table legend:
 A = Spawn XP
 B = Non-spawn XP
 C = Spawn XP percentage of total XP
 D = Spawn monster count
 E = Non-spawn monster count
 F = Spawn count percentage of total count
 G = Total turns spent on level
                    A         B        C        D         E        F      G
               +---------+---------+-------+---------+---------+-------+---------
         Total |      17 |     220 |   7.2 |       3 |      62 |   4.6 |   981
               +---------+---------+-------+---------+---------+-------+---------
           D:1 |       2 |      24 |   7.7 |       1 |      13 |   7.1 |   282
           D:2 |       0 |      44 |   0.0 |       0 |       6 |   0.0 |   198
           D:3 |      15 |     110 |  12.0 |       2 |      25 |   7.4 |   380
         Sewer |       0 |      42 |   0.0 |       0 |      18 |   0.0 |   121
               +---------+---------+-------+---------+---------+-------+---------

Table legend:
 A = Turns spent in this place as a percentage of turns spent in the entire game.
 B = Non-inter-level travel turns spent in this place as a percentage of non-inter-level travel turns spent in the entire game.
 C = Inter-level travel turns spent in this place as a percentage of turns spent in this place.
 D = Turns resting spent in this place as a percentage of non-inter-level travel turns spent in this place.
 E = Turns spent auto-exploring this place as a percentage of non-inter-level travel turns spent in this place.
 F = Non-inter-level travel turns spent in this place divided by the number of levels of this place that you've seen.
                   A       B       C       D       E      F
               +-------+-------+-------+-------+-------+----------------------
         Total | 100.0 | 100.0 |   0.0 |   0.0 |   0.0 | 245.2
       Dungeon |  87.7 |  87.7 |   0.0 |   0.0 |   0.0 | 286.7
         Sewer |  12.3 |  12.3 |   0.0 |   0.0 |   0.0 | 121.0
               +-------+-------+-------+-------+-------+----------------------

Table legend:
 A = Kills in this place as a percentage of kills in entire the game.
 B = Kills by you in this place as a percentage of kills by you in the entire game.
 C = Kills by friends in this place as a percentage of kills by friends in the entire game.
 D = Other kills in this place as a percentage of other kills in the entire game.
 E = Experience gained in this place as a percentage of experience gained in the entire game.
 F = Experience gained in this place divided by the number of levels of this place that you have seen.
                   A       B       C       D       E      F
               +-------+-------+-------+-------+-------+----------------------
         Total | 100.0 | 100.0 |   N/A |   N/A | 100.0 |  59.2
       Dungeon |  72.3 |  72.3 |   N/A |   N/A |  82.3 |  65.0
         Sewer |  27.7 |  27.7 |   N/A |   N/A |  17.7 |  42.0
               +-------+-------+-------+-------+-------+----------------------

Vault maps used:
D:1:      minmay_arrival_plants_in_alcoves
D:2:      gammafunk_temple_overflow_arena, uniq_terence
D:3:      overflow_temple_1_default, overflow_temple_1_default,
          chequers_ecumenical_altar_simple, portal_sewer_entry_b,
          kennysheep_generic_room_9
Sewer:    sewer_minmay_w
